 Dungeon Crawl Stone Soup version 0.21-a0-625-g1119ec1 (webtiles) character file.

3053 Charly the Cleaver (level 9, -5/124 HPs)
             Began as a Minotaur Berserker on Dec 24, 2017.
             Was a Believer of Trog.
             Slain by a death yak (16 damage)
             ... on level 9 of the Dungeon.
             The game lasted 00:11:19 (918 turns).

Charly the Cleaver (Minotaur Berserker)              Turns: 918, Time: 00:11:20

Health: -5/124     AC: 24    Str: 22    XL:     9   Next: 57%
Magic:  8/8        EV:  2    Int:  9    God:    Trog [**....]
Gold:   0          SH:  0    Dex: 18    Spells: 8/8 levels left

rFire    . . .     SeeInvis .   a - +0 hand axe
rCold    . . .     Gourm    .   (no shield)
rNeg     + + +     Faith    .   (armour currently unavailable)
rPois    +         Spirit   .   (helmet currently unavailable)
rElec    .         Reflect  .   (cloak currently unavailable)
rCorr    +         Harm     .   (gloves currently unavailable)
MR       .....     Clarity  +   (boots currently unavailable) Stlth +++.......NoTele +
                                (no amulet)
HPRegen  0.30/turn              (no ring)
MPRegen  0.11/turn              b - ring of resist corrosion

@: brilliant, agile, tree-form (expiring)
A: (retaliatory headbutt), clarity, evolution 1
a: Berserk, Trog's Hand, Burn Spellbooks, Renounce Religion


You were on level 9 of the Dungeon.
You worshipped Trog.
Trog was pleased with you.
You were not hungry.
You were a tree.
You visited 1 branch of the dungeon, and saw 9 of its levels.

Inventory:

Hand Weapons
 a - a +0 hand axe (weapon)
Armour
 j - a +0 chain mail (melded)
Jewellery
 b - a ring of resist corrosion (right branch)
Scrolls
 f - 2 scrolls of remove curse
 k - a scroll of noise
Comestibles
 c - a ration


   Skills:
 + Level 9.1 Fighting
 * Level 12.0 Axes
 + Level 7.3 Armour
 - Level 2.1 Dodging


You had 8 spell levels left.
You didn't know any spells.

Dungeon Overview and Level Annotations

Branches:
Dungeon (9/15)             Temple (0/1) D:5
   Lair: D:8-11         Orc: D:9-12

Altars:
Xom

Shops:
D:6 (   D:8 }

Annotations:
D:7 Joseph


Innate Abilities, Weirdness & Mutations

((You reflexively headbutt those who attack you in melee.))
((You have a pair of horns on your head.))
You possess an exceptional clarity of mind.
You evolve.


Message History

* * * LOW HITPOINT WARNING * * *
You hit the death yak.
The death yak is almost dead.
You hit the yak but do no damage. The death yak gores you!
* * * LOW HITPOINT WARNING * * *
You hit the death yak.
You kill the death yak!
Trog accepts your kill.
Your Fighting skill increases to level 9!
Your Axes skill increases to level 12!
Your Armour skill increases to level 7!
You barely miss the yak. The yak completely misses you.
You completely miss the yak.
The yak is moderately wounded.
You hit the death yak but do no damage. The yak gores you but does no damage.
You hit the yak.
The yak is moderately wounded.
You hit the death yak but do no damage.
The death yak snorts and paws the ground.
The death yak gores you!
You die...

#. #.# ...
#..
#..#####
####......#
.......Y#.#
. #♣#.#


YY. #Y#.#...Y. #YYY..# ###>### .# .# .. ## You could see a death yak and 3 yaks.

Vanquished Creatures
  Erolcha (D:9)
  2 death yaks (D:9)
  Duvessa (D:7)
  A water moccasin (D:7)
  A black bear (D:8)
  2 necrophages (D:6)
  A bullfrog (D:6)
  Dowan (D:7)
  3 wights (D:8)
  2 howler monkeys (D:5)
  2 bullfrog zombies (D:6)
  2 hounds
  A jelly (D:6)
  An orc wizard (D:8)
  A bullfrog skeleton (D:8)
  A worker ant (D:7)
  A hound skeleton (D:5)
  3 gnolls (D:4)
  An adder (D:8)
  A shadow imp (D:5)
  A leopard gecko (D:6)
  3 orcs
  A bat (D:2)
  A giant cockroach (D:6)
  2 goblins (D:1)
  A hobgoblin (D:1)
  7 jackals
  3 kobolds
  A quokka (D:7)
49 creatures vanquished.

Notes
Turn   | Place    | Note
-------+----------+-------------------------------------------
     0 | D:1      | Charly the Minotaur Berserker began the quest for the Orb.
     0 | D:1      | Reached XP level 1. HP: 19/19 MP: 0/0
    23 | D:1      | Reached skill level 4 in Axes
    98 | D:3      | Reached XP level 2. HP: 25/27 MP: 1/1
   135 | D:4      | Reached XP level 3. HP: 33/33 MP: 2/2
   160 | D:5      | Entered Level 5 of the Dungeon
   164 | D:5      | Reached skill level 5 in Axes
   167 | D:5      | Found a staircase to the Ecumenical Temple.
   209 | D:6      | Noticed a necrophage
   210 | D:6      | Noticed a necrophage
   215 | D:6      | Killed a necrophage
   215 | D:6      | Reached skill level 5 in Fighting
   215 | D:6      | Reached skill level 6 in Axes
   215 | D:6      | Reached XP level 4. HP: 42/42 MP: 3/3
   215 | D:6      | Reached XP level 5. HP: 48/48 MP: 4/4
   220 | D:6      | Killed a necrophage
   249 | D:6      | Reached skill level 7 in Axes
   249 | D:6      | Reached XP level 6. HP: 12/54 MP: 5/5
   263 | D:7      | Noticed Duvessa
   263 | D:7      | Noticed Dowan
   311 | D:6      | Found Senla's Weapon Boutique.
   334 | D:6      | Reached ** piety under Trog
   416 | D:6      | Found a shimmering altar of Xom.
   442 | D:7      | Noticed Joseph
   475 | D:7      | Killed Duvessa
   475 | D:7      | Reached skill level 8 in Axes
   475 | D:7      | Reached XP level 7. HP: 45/61 MP: 6/6
   476 | D:7      | Killed Dowan
   647 | D:8      | Reached skill level 9 in Axes
   725 | D:8      | Found Xuipsizio's Gadget Emporium.
   780 | D:8      | Reached XP level 8. HP: 71/71 MP: 7/7
   799 | D:9      | Noticed Erolcha
   801 | D:9      | Noticed a death yak
   855 | D:9      | Killed Erolcha
   855 | D:9      | Reached skill level 10 in Axes
   855 | D:9      | Reached skill level 5 in Armour
   870 | D:9      | Noticed a death yak
   871 | D:9      | HP: 4/108 [yak (2)]
   872 | D:9      | Noticed a death yak
   873 | D:9      | Killed a death yak
   873 | D:9      | Reached skill level 11 in Axes
   873 | D:9      | Reached XP level 9. HP: 5/80 MP: 8/8
   878 | D:9      | Gained mutation: You evolve. [potion of mutation]
   878 | D:9      | Gained mutation: You possess an exceptional clarity of mind. [potion of mutation]
   916 | D:9      | Killed a death yak
   916 | D:9      | Reached skill level 12 in Axes
   918 | D:9      | Slain by a death yak

Vault maps used:
D:1:      saegor_arrival_simple_c, minmay_tetromino_o4
D:2:      nicolae_ru_great_annihilating_truth
D:3:      first_ration, grunt_ministairs_3, hangedman_decor_slide_cut
D:4:      yredelemnul_forgotten_temple_becter, fedhas_altar_2
D:5:      chequers_temple_overflow_minitemple, lemuel_round_altar,
          minmay_temple_entry_statues_fountains, serial_shops,
          nicolae_shop_trees, grunt_decor_fettered, hangedman_decor_riveting
D:6:      kennysheep_mini_moat, serial_shops, nicolae_shop_window_shopping
D:7:      cheibrodos_quashed, lemuel_round_altar, uniq_duvessa,
          uniq_crazy_yiuf_cottage, uniq_joseph
D:8:      serial_shops, shop, hangedman_abyss_or_decor_lesser_grid, uniq_erica
D:9:      dpeg_lair_monsters, serial_shops, shop_coins, hangedman_fish_farm,
          laboratory, uniq_erolcha

Skill      XL: |  1  2  3  4  5  6  7  8  9 |
---------------+----------------------------+-----
Axes           | 4 6 7 8 9 11 12 | 12.0
Fighting       | 4 5 6 7 8 9 |  9.1
Armour         | 3 4 6 7 |  7.3
Dodging        | |  2.1

Action                   |  1- 3 |  4- 6 |  7- 9 || total
-------------------------+-------+-------+-------++-------
Melee: Hand axe          |    27 |    54 |    94 ||   175
       Headbutt          |     4 |    13 |    10 ||    27
Invok: Berserk           |     4 |     3 |     3 ||    10
       Trog's Hand       |       |     2 |     1 ||     3
       Burn Spellbooks   |       |     1 |       ||     1
  Use: Scroll            |       |       |     5 ||     5
       Potion            |       |       |     7 ||     7
  Eat: Chunk             |       |     4 |     5 ||     9
       Ration            |       |       |     1 ||     1
Armor: Animal skin       |     4 |     4 |       ||     8
       Chain mail        |       |    13 |    20 ||    33
       Skin              |       |       |    22 ||    22
Dodge: Dodged            |    19 |    23 |    29 ||    71

Table legend:
 A = Spawn XP
 B = Non-spawn XP
 C = Spawn XP percentage of total XP
 D = Spawn monster count
 E = Non-spawn monster count
 F = Spawn count percentage of total count
 G = Total turns spent on level
                    A         B        C        D         E        F      G
               +---------+---------+-------+---------+---------+-------+---------
         Total |       0 |    4362 |   0.0 |       0 |      49 |   0.0 |   918
               +---------+---------+-------+---------+---------+-------+---------
           D:1 |       0 |       9 |   0.0 |       0 |       5 |   0.0 |    75
           D:2 |       0 |       2 |   0.0 |       0 |       1 |   0.0 |    14
           D:3 |       0 |       1 |   0.0 |       0 |       1 |   0.0 |    31
           D:4 |       0 |      42 |   0.0 |       0 |       3 |   0.0 |    40
           D:5 |       0 |     140 |   0.0 |       0 |       5 |   0.0 |    71
           D:6 |       0 |     476 |   0.0 |       0 |      12 |   0.0 |   226
           D:7 |       0 |     468 |   0.0 |       0 |       9 |   0.0 |   142
           D:8 |       0 |     402 |   0.0 |       0 |       9 |   0.0 |   245
           D:9 |       0 |    2822 |   0.0 |       0 |       4 |   0.0 |    74
               +---------+---------+-------+---------+---------+-------+---------
